 Dungeon Crawl Stone Soup version 0.29.1-4-g47bece8355 (webtiles) character file.

Game seed: 16195926864290141986

219 javelincjr the Magician (level 5, -2/24 HPs)
             Began as a Spriggan Conjurer on Dec 6, 2022.
             Killed from afar by an orc wizard (10 damage)
             ... with a magic dart
             ... on level 6 of the Dungeon.
             The game lasted 00:26:33 (3679 turns).

javelincjr the Magician (Spriggan Conjurer)         Turns: 3679, Time: 00:26:33

Health: -2/24      AC:  2    Str:  3    XL:     5   Next: 63%
Magic:  0/12       EV: 18    Int: 21    God:
Gold:   51         SH:  0    Dex: 14    Spells: 9/12 levels left

rFire   . . .      SeeInvis +   g - +0 dagger
rCold   . . .      Faith    .   (no shield)
rNeg    . . .      Spirit   .   a - +0 robe
rPois   .          Reflect  .   (helmet restricted)
rElec   .          Harm     .   (no cloak)
rCorr   .          Rampage  .   (gloves unavailable)
Will    .....                   (boots unavailable)
Stlth   ++........              (no amulet)
HPRegen 0.08/turn               (no ring)
MPRegen 0.13/turn               (no ring)

@: very quick
A: very small, no large weapons, unfitting armour, see invisible, speed 3
a: no special abilities


You were on level 6 of the Dungeon.
You visited 1 branch of the dungeon, and saw 5 of its levels.

You collected 51 gold pieces.

Inventory:

Hand Weapons
 g - a +0 dagger (weapon)
Missiles
 j - 6 poisoned darts
Armour
 a - a +0 robe (worn)
Scrolls
 c - a scroll of torment {unknown}
 d - a scroll of poison {unknown}
 e - 2 scrolls of vulnerability {unknown}
 f - 3 scrolls of identify {unknown}
 h - 2 scrolls of teleportation {unknown}
 k - 2 scrolls of enchant armour {unknown}
 l - a scroll of immolation {unknown}
Potions
 b - a potion of magic
 i - a potion of invisibility {unknown}


   Skills:
 + Level 0.2 Fighting
 + Level 2.0 Short Blades
 + Level 3.6 Dodging
 + Level 3.5 Stealth
 * Level 4.2 Spellcasting
 + Level 4.1 Conjurations


You had 9 spell levels left.
You knew the following spells:

 Your Spells              Type           Power      Damage    Failure   Level
a - Magic Dart            Conj           84%        1d7       2%          1
b - Searing Ray           Conj           42%        2d6       3%          2

Your spell library contained the following spells:

 Spells                   Type           Power      Damage    Failure   Level
 Dazzling Flash           Conj/Hex       26%        N/A       16%         3
 Blink                    Tloc           8%         N/A       19%         2
 Lesser Beckoning         Tloc           4%         N/A       34%         3
 Fulminant Prism          Conj/Hex       6%         3d7       45%         4
 Iskenderun's Mystic Bla  Conj/Tloc      13%        2d5       45%         4
 Manifold Assault         Tloc           4%         N/A       97%         5
 Summon Forest            Summ/Tloc      2%         N/A       97%         5
 Summon Mana Viper        Hex/Summ       4%         N/A       97%         5
 Summon Cactus Giant      Summ           2%         N/A       100%        6


Dungeon Overview and Level Annotations

Branches:
Dungeon (7/15)
 Temple: D:4-7

Altars:

Annotations:
D:2 Sigmund
D:7 Menkaure


Innate Abilities, Weirdness & Mutations

You are very small and have problems with some larger weapons.
You are too small for most types of armour.
You have supernaturally acute eyesight. (SInv)
You cover ground extremely quickly. (Speed+++)


Message History

The orc wizard hits you with a +0 dagger.
You hit the orc wizard but do no damage.
The orc wizard is moderately wounded.
The orc wizard misses you.
You barely miss the orc wizard.
The orc wizard is moderately wounded.
The orc wizard hits you with a +0 dagger.
You closely miss the orc wizard.
The orc wizard is moderately wounded.
The orc wizard hits you with a +0 dagger.
Casting: Magic Dart (safe; 2% risk of failure)
Confirm with . or Enter, or press ? or * to list all spells.
Aiming: Magic Dart (safe; 2% risk of failure)
Press: ? - help, Shift-Dir - straight line, f/p - orc wizard
Aim: an orc wizard, wielding a +0 dagger and wearing a +1 robe of the Archmagi (moderately wounded, 100% to hit)
The magic dart hits the orc wizard.
The orc wizard is heavily wounded.
The orc wizard hits you with a +0 dagger.
You hit the orc wizard but do no damage.
The orc wizard is moderately wounded.
The orc wizard gestures at you while chanting.
The puff of flame hits you.
* * * LOW HITPOINT WARNING * * *
Casting: Magic Dart (safe; 2% risk of failure)
Confirm with . or Enter, or press ? or * to list all spells.
Aiming: Magic Dart (safe; 2% risk of failure)
Press: ? - help, Shift-Dir - straight line, f/p - orc wizard
Aim: an orc wizard, wielding a +0 dagger and wearing a +1 robe of the Archmagi (moderately wounded, 100% to hit)
The magic dart hits the orc wizard.
The orc wizard is heavily wounded.
Casting: Magic Dart (safe; 2% risk of failure)
Confirm with . or Enter, or press ? or * to list all spells.
Aiming: Magic Dart (safe; 2% risk of failure)
Press: ? - help, Shift-Dir - straight line, f/p - orc wizard
Aim: an orc wizard, wielding a +0 dagger and wearing a +1 robe of the Archmagi (heavily wounded, 100% to hit)
The magic dart hits the orc wizard but does no damage.
The orc wizard is heavily wounded.
The orc wizard gestures at you while chanting.
The magic dart hits you!
You die...

### #############.####
#.........@......#
##.##########.##o# #.#
####.## #.# ##...## #.#
####..o..#### #.#
##.#.......#.## ###
####.............####
####.#...............#.#
##.#....(................


You could see an orc wizard.

Vanquished Creatures
  2 orc wizards (D:6)
  8 gnolls
  An adder (D:2)
  A shadow imp (D:6)
  A white imp (D:7)
  A worm (D:3)
  4 orcs (D:6)
  4 ball pythons (D:1)
  7 bats
  7 endoplasms
  2 giant cockroaches (D:1)
  7 goblins
  6 hobgoblins
  A quokka (D:1)
  7 kobolds
  5 rats
64 creatures vanquished.

Notes
Turn   | Place    | Note
-------+----------+-------------------------------------------
     0 | D:1      | javelincjr the Spriggan Conjurer began the quest for the
                  | Orb.
     0 | D:1      | Reached XP level 1. HP: 9/9 MP: 5/5
   471 | D:1      | Reached XP level 2. HP: 13/13 MP: 4/6
  1016 | D:1      | Found a faded altar of an unknown god.
  1140 | D:1      | Reached XP level 3. HP: 16/16 MP: 3/8
  2108 | D:1      | Reached XP level 4. HP: 21/21 MP: 5/10
  2312 | D:2      | Noticed Sigmund
  2761 | D:3      | Learned a level 2 spell: Searing Ray
  2985 | D:3      | Reached skill level 1 in Short Blades
  2985 | D:3      | Reached XP level 5. HP: 24/24 MP: 0/11
  3075 | D:3      | You fall into a shaft and drop 3 floors!
  3373 | D:7      | Noticed Menkaure
  3472 | D:7      | Noticed an orc warrior
  3585 | D:6      | Noticed an orc warrior
  3679 | D:6      | Killed from afar by an orc wizard

Illustrated notes

Levels and vault maps discovered:
D:1:      reono_arrival_forest_river, layout_basic,
          nicolae_ecumenical_lake_church
D:2:      layout_rooms, serial_bayou_pond_d, minmay_tripent,
          uniq_crazy_yiuf_cottage, uniq_sigmund
D:3:      layout_basic, mainiacjoe_overflow_six_doors_small, st_stairs_9
D:6:      layout_basic, mainiacjoe_overflow_24_doors, serial_shops, shop,
          glass_columns_c, nicolae_figureground_pulse
D:7:      layout_rooms, general_overflow_altar, lemuel_round_altar,
          fedhas_altar_decomposition, mainiacjoe_overflow_surrounded_room,
          mainiacjoe_overflow_boulevard, gammafunk_ghost_smash, uniq_maggie,
          uniq_menkaure

Skill      XL: |  1  2  3  4  5 |
---------------+----------------+-----
Conjurations   | 3 4 |  4.1
Spellcasting   | 3 4 |  4.2
Dodging        | 3 |  3.6
Short Blades   | 1 2 |  2.0
Fighting       | |  0.2
Stealth        | |  3.5

Action                   |  1- 3 |  4- 6 || total
-------------------------+-------+-------++-------
Melee: Dagger            |    25 |    36 ||    61
       Unarmed           |     1 |       ||     1
 Cast: Magic Dart        |    97 |    60 ||   157
       Searing Ray       |       |     8 ||     8
  Use: Scroll            |       |     1 ||     1
Armor: Robe              |     5 |     7 ||    12
Dodge: Dodged            |    55 |    32 ||    87
